 Dungeon Crawl Stone Soup version 0.32-a0-876-gcfddb08e57 (webtiles) character file.

Game seed: 9302362306644387536

401 smashvw the Slasher (level 6, -7/52 HPs)
             Began as a Demigod Gladiator on Apr 1, 2024.
             Splashed by a jelly's acid (9 damage)
             ... on level 4 of the Dungeon.
             The game lasted 00:05:11 (2695 turns).

smashvw the Slasher (Demigod Gladiator)             Turns: 2695, Time: 00:05:12

Health: -7/52      AC: -12   Str: 15    XL:     6   Next: 29%
Magic:  8/8        EV: 12    Int: 10    God:
Gold:   108        SH:  0    Dex: 23    Spells: 5/5 levels left

rFire   . . .        a - +0 long sword
rCold   . . .        g - orb {light}
rNeg    . . .        b - +0 leather armour
rPois   .            c - +0 helmet
rElec   .            (no cloak)
rCorr   .            (no gloves)
SInv    .            (no boots)
Will    .....        (no amulet)
Stlth   +            (no ring)
HPRegen 0.28/turn    (no ring)
MPRegen 0.11/turn

%: no passive effects
@: corroded, glowing
A: high MP 1, forlorn, divine attributes
a: no special abilities


You were on level 4 of the Dungeon.
You visited 1 branch of the dungeon, and saw 4 of its levels.

You collected 108 gold pieces.

Inventory:

Hand Weapons
 a - a +0 long sword (weapon)
Missiles
 d - 3 throwing nets (quivered)
 e - a javelin
Armour
 b - a +0 leather armour (worn)
 c - a +0 helmet (worn)
 g - an orb of light (worn)
 n - a +0 tower shield
Jewellery
 l - a ring of positive energy
Wands
 t - a wand of warping (8)
 u - a wand of flame (9)
Scrolls
 f - a scroll of blinking {unknown}
 h - 7 scrolls of identify {unknown}
 i - 2 scrolls of enchant weapon {unknown}
 j - a scroll of fog
 k - a scroll of teleportation {unknown}
 s - a scroll of noise {unknown}
Potions
 m - a potion of brilliance
 o - a potion of haste {unknown}
 p - a potion of degeneration {unknown}
 q - a potion of cancellation {unknown}
 r - 3 potions of curing


   Skills:
 + Level 4.1 Fighting
 + Level 4.6 Long Blades
 - Level 1.7 Throwing
 - Level 2.6 Dodging
 + Level 2.8 Shields


You had 5 spell levels left.
You didn't know any spells.
Your spell library contained the following spells:

 Spells                   Type           Power      Damage    Failure   Level
 Foxfire                  Conj/Fire      0%         2x1d4     43%         1
 Fugue of the Fallen      Necr           0%         N/A       80%         3
 Ozocubu's Armour         Ice            0%         N/A       80%         3
 Plasma Beam              Fire/Air       0%         2x1d10    100%        6
 Starburst                Conj/Fire      0%         6d3       100%        6
 Manifold Assault         Tloc           0%         N/A       100%        7


Dungeon Overview and Level Annotations

Branches:
Dungeon (4/15)             Temple (0/1) D:4


Innate Abilities, Weirdness & Mutations

You have an increased reservoir of magic. (+10% MP)
You shall have no god before yourself.
Your divine heritage dramatically boosts your attributes as you level up.


Message History

The hobgoblin hits you but does no damage.
You slash the hobgoblin!
You kill the hobgoblin!
Found a stone staircase leading down.
The jelly closely misses you.
You hit the jelly. The acid corrodes you!
Your hands burn!
The jelly is lightly wounded.
The jelly barely misses you. The jelly hits you. The acid corrodes you!
You are splashed with acid.
You hit the jelly but do no damage.
Your hands burn!
The jelly is lightly wounded.
The jelly hits you.
You are splashed with acid!
You hit the jelly but do no damage. The acid corrodes you!
Your hands burn!
The jelly is lightly wounded.
The jelly barely misses you.
You are too injured to fight recklessly!
You are too injured to fight recklessly!
You are too injured to fight recklessly!
You hit the jelly but do no damage. The acid corrodes you!
Your hands burn!
The jelly is lightly wounded.
The jelly barely misses you.
You hit the jelly but do no damage.
Your hands burn!
The jelly is lightly wounded.
The jelly hits you.
* * * LOW HITPOINT WARNING * * *
The acid corrodes you!
You are splashed with acid!
* * * LOW HITPOINT WARNING * * *
You feel better. The jelly closely misses you. The jelly misses you.
The jelly attacks as it pursues you! The jelly hits you.
* * * LOW HITPOINT WARNING * * *
You are splashed with acid!
* * * LOW HITPOINT WARNING * * *
The jelly attacks as it pursues you! The jelly hits you.
* * * LOW HITPOINT WARNING * * *
You are splashed with acid.
* * * LOW HITPOINT WARNING * * *
The jelly attacks as it pursues you! The jelly hits you.
* * * LOW HITPOINT WARNING * * *
You are splashed with acid!
You die...

.. ####.. #...###.## # #.
.....# #.#..##.# #.
#.##.....###......#
###.####..#..#...#...#...#
.......##.... #.....#....#
#......#..#####.>.#####..#
#..<#.....#..)..# .##
.##.......#...#...# #
..........@J....###.....
#..######......#.# #.... .
######...# .<... #...#
..... ##.... .. #....
..... .....


You could see a jelly.

Vanquished Creatures
  Sigmund (D:2)
  2 iguanas (D:4)
  Natasha (thrice) (D:3)
  An orc wizard (D:3)
  3 adders
  A dart slug (D:3)
  A ribbon worm (D:2)
  3 orcs (D:3)
  6 bats
  An endoplasm (D:1)
  4 giant cockroaches
  7 hobgoblins
  6 jackals (D:1)
  4 quokkas
  2 ball pythons
  2 frilled lizards
  5 goblins
  5 kobolds
  5 rats
62 creatures vanquished.

Notes
Turn   | Place    | Note
-------+----------+-------------------------------------------
     0 | D:1      | smashvw the Demigod Gladiator began the quest for the Orb.
     0 | D:1      | Reached XP level 1. HP: 17/17 MP: 3/3
   307 | D:1      | Reached XP level 2. HP: 24/24 MP: 4/4
   481 | D:2      | Noticed Sigmund
   614 | D:2      | Reached XP level 3. HP: 30/30 MP: 5/5
   783 | D:2      | Killed Sigmund
   784 | D:2      | Reached XP level 4. HP: 13/38 MP: 6/6
   784 | D:2      | Reached XP level 5. HP: 15/45 MP: 7/7
  1731 | D:3      | Noticed Natasha
  1739 | D:3      | Killed Natasha
  1788 | D:3      | Noticed Natasha
  1798 | D:3      | Killed Natasha
  1825 | D:3      | Noticed Natasha
  2273 | D:3      | Killed Natasha
  2274 | D:3      | Reached XP level 6. HP: 44/52 MP: 8/8
  2615 | D:4      | Found a staircase to the Ecumenical Temple.
  2690 | D:4      | HP: 2/52 [acid (5)]
  2695 | D:4      | HP: 2/52 [jelly (1)]
  2695 | D:4      | Splashed by a jelly's acid

Illustrated notes

Levels and vault maps discovered:
D:1:      roderic_chinese_lattice_arrival, layout_rooms
D:2:      layout_basic, minivault_26, uniq_sigmund
D:3:      layout_basic, gammafunk_temple_overflow_forgotten, uniq_natasha
D:4:      kennysheep_spiral_hall, layout_rooms, kennysheep_mini,
          minmay_temple_entry_arrows, minmay_misc_feat_encased,
          nicolae_nh_ransacked_shop, uniq_duvessa

Skill      XL: |  1  2  3  4  5 |
---------------+----------------+-----
Fighting       | 2 3 4 |  4.1
Long Blades    | 3 4 |  4.6
Shields        | 2 |  2.8
Throwing       | |  1.7
Dodging        | |  2.6

Action                     |  1- 3 |  4- 6 || total
---------------------------+-------+-------++-------
  Melee: Long sword        |    67 |    94 ||   161
    Use: Potion            |     4 |     1 ||     5
         Scroll            |     1 |       ||     1
 Armour: Leather armour    |    37 |    73 ||   110
         Skin              |    41 |       ||    41
  Dodge: Dodged            |    50 |    69 ||   119

Table legend: (Time is in decaauts)
 A = Elapsed time spent in this place.
 B = Non-inter-level travel time spent in this place.
 C = Inter-level travel time spent in this place.
 D = Time resting spent in this place.
 E = Time spent auto-exploring this place.
 F = Levels seen in this place.
 G = Mean time per level.
                   A        B        C        D        E       F      G
               +--------+--------+--------+--------+--------+-----+--------+
         Total |   2746 |   2642 |    104 |    159 |   2018 |   4 |  686.5 |
       Dungeon |   2746 |   2642 |    104 |    159 |   2018 |   4 |  686.5 |
               +--------+--------+--------+--------+--------+-----+--------+

Top non-repeatable levels by time:
     D:2: 1075 daAuts
     D:3: 982 daAuts
     D:1: 539 daAuts
     D:4: 149 daAuts
